NCAA
LONG BEACH STATE 49ERS @ NORTH CAROLINA TARHEELS
02/10/2060
 
TOP OF THE 1ST
Long Beach State 49ers batting - Pitching for North Carolina Tarheels : RHP Cordell Padilla
Pitching: RHP Cordell Padilla
Batting: RHB Taylor Hughes 0-0: Ball
1-0: Fly out, F9 (Line Drive, 9LS, EV 90.6 MPH)
Batting: RHB Ferd Chamberlain 0-0: Called Strike
0-1: Swinging Strike
0-2: Ball
1-2: Ground out 5-3 (Groundball, 56, EV 78.8 MPH)
Batting: LHB Kellen Todd 0-0: Foul Ball, location: 2F
0-1: Called Strike
0-2: Foul Ball, location: 2F
0-2: Fly out, F7 (Flyball, 7D, EV 78.1 MPH)
Top of the 1st over - 0 runs, 0 hits, 0 errors, 0 left on base; Long Beach State 0 - North Carolina 0
BOTTOM OF THE 1ST
North Carolina Tarheels batting - Pitching for Long Beach State 49ers : RHP Phil Crutchfield
Pitching: RHP Phil Crutchfield
Batting: LHB Dave France 0-0: Ball
1-0: Foul Ball, location: 2F
1-1: SINGLE (Flyball, 34D, EV 83.1 MPH)
Batting: RHB Jerome Lyons 0-0: Foul Ball, location: 2F
0-1: Fly out, F7 (Flyball, 78M, EV 90.6 MPH)
Batting: LHB Jeromy Cardenas 0-0: Fly out, F7 (Flyball, 7, EV 96.9 MPH)
Batting: RHB Dominic Bedolla 0-0: Ground out 5-3 (Groundball, 56S, EV 66.9 MPH)
Bottom of the 1st over - 0 runs, 1 hit, 0 errors, 1 left on base; Long Beach State 0 - North Carolina 0
TOP OF THE 2ND
Long Beach State 49ers batting - Pitching for North Carolina Tarheels : RHP Cordell Padilla
Batting: RHB Jayson Artmann 0-0: Called Strike
0-1: Ball
1-1: Ball
2-1: Ball
3-1: Base on Balls
Batting: SHB Haven Ramos 0-0: Foul Ball, location: 2F
0-1: Foul Ball, location: 2F
0-2: Ball
1-2: Strikes out looking
Batting: LHB Chase Johnson 0-0: Called Strike
0-1: Ball
1-1: Swinging Strike
1-2: Strikes out swinging
Batting: LHB Harrison Cottrell 0-0: Foul Ball, location: 2F
0-1: Ball
1-1: Called Strike
1-2: Ball
2-2: Strikes out swinging
Top of the 2nd over - 0 runs, 0 hits, 0 errors, 1 left on base; Long Beach State 0 - North Carolina 0
BOTTOM OF THE 2ND
North Carolina Tarheels batting - Pitching for Long Beach State 49ers : RHP Phil Crutchfield
Batting: RHB Koby Thomas 0-0: Ball
1-0: Ball
2-0: Ball
3-0: Called Strike
3-1: Swinging Strike
3-2: Foul Ball, location: 2F
3-2: Strikes out swinging
Batting: RHB Kenny Tirpak 0-0: Ball
1-0: Foul Ball, location: 2F
1-1: Swinging Strike
1-2: SINGLE (Groundball, 34D, EV 110.0 MPH)
Batting: RHB Timothy Williams 0-0: Ball
1-0: Called Strike
1-1: Fielders Choice at 2nd, 4-6 (Groundball, 4, EV 82.5 MPH)
Batting: RHB Lance Fearing 0-0: Ball
1-0: Called Strike
1-1: Foul Ball, location: 2F
1-2: Strikes out looking
Bottom of the 2nd over - 0 runs, 1 hit, 0 errors, 1 left on base; Long Beach State 0 - North Carolina 0
TOP OF THE 3RD
Long Beach State 49ers batting - Pitching for North Carolina Tarheels : RHP Cordell Padilla
Batting: SHB Desi Madden 0-0: Foul Ball, location: 2F
0-1: Ball
1-1: Ball
2-1: Foul Ball, location: 2F
2-2: Foul Ball, location: 2F
2-2: Foul Ball, location: 2F
2-2: Strikes out swinging
Batting: RHB Dick Fendley 0-0: Ball
1-0: Ball
2-0: Ball
3-0: Swinging Strike
3-1: Foul Ball, location: 2F
3-2: SINGLE (Groundball, 6MD, EV 98.1 MPH)
Batting: RHB Taylor Hughes 0-0: Ball
1-0: TRIPLE (Flyball, 78XD, EV 104.4 MPH)
Dick Fendley scores
Batting: RHB Ferd Chamberlain 0-0: Ball
1-0: Called Strike
1-1: Called Strike
1-2: Ball
2-2: Ground out 3-1 (Groundball, 34S, EV 88.1 MPH)
Taylor Hughes scores
Batting: LHB Kellen Todd 0-0: Foul Ball, location: 2F
0-1: Foul Ball, location: 2F
0-2: SOLO HOME RUN (Flyball, 9D, EV 98.1 MPH), Distance : 381 ft
Batting: RHB Jayson Artmann 0-0: Reached on error, E9 (Flyball, 9, EV 95.6 MPH)
Batting: SHB Haven Ramos 0-0: Swinging Strike
0-1: Ball
1-1: Ball
2-1: Foul Ball, location: 2F
2-2: Ground out U3 (Groundball, 3L, EV 103.1 MPH)
Top of the 3rd over - 3 runs, 3 hits, 1 error, 1 left on base; Long Beach State 3 - North Carolina 0
BOTTOM OF THE 3RD
North Carolina Tarheels batting - Pitching for Long Beach State 49ers : RHP Phil Crutchfield
Batting: RHB E.T. Daniels 0-0: Ball
1-0: Ball
2-0: Ball
3-0: Base on Balls
Batting: LHB Dave France 0-0: Called Strike
0-1: Foul Ball, location: 2F
0-2: Ball
1-2: Ball
2-2: Foul Ball, location: 2F
2-2: Ball
3-2: Foul Ball, location: 2F
3-2: Strikes out swinging
Batting: RHB Jerome Lyons 0-0: Ball
1-0: Foul Ball, location: 2F
1-1: Hit by Pitch
E.T. Daniels to second
Batting: LHB Jeromy Cardenas 0-0: Ball
1-0: Called Strike
1-1: DOUBLE (Line Drive, 9LM, EV 108.1 MPH)
E.T. Daniels scores
Jerome Lyons to third
Runner from 3rd tries for Home, SAFE, throw by RF to home
Batting: RHB Dominic Bedolla 0-0: Swinging Strike
0-1: Called Strike
0-2: Strikes out looking
Batting: RHB Koby Thomas 0-0: Ball
1-0: Foul Ball, location: 2F
1-1: Called Strike
1-2: Strikes out swinging
Bottom of the 3rd over - 2 runs, 1 hit, 0 errors, 1 left on base; Long Beach State 3 - North Carolina 2
TOP OF THE 4TH
Long Beach State 49ers batting - Pitching for North Carolina Tarheels : RHP Cordell Padilla
Batting: LHB Chase Johnson 0-0: Ball
1-0: Ball
2-0: Foul Ball, location: 2F
2-1: Foul Ball, location: 2F
2-2: Ball
3-2: Foul Ball, location: 2F
3-2: Foul Ball, location: 2F
3-2: Base on Balls
Batting: LHB Harrison Cottrell 0-0: Swinging Strike
0-1: Swinging Strike
0-2: Hit by Pitch
Chase Johnson to second
Batting: SHB Desi Madden 0-0: Fly out, F7 (Flyball, 7D, EV 96.9 MPH)
Batting: RHB Dick Fendley 0-0: Fly out, F8 (Flyball, 8RD, EV 85.0 MPH)
Batting: RHB Taylor Hughes 0-0: Ball
1-0: Ball
2-0: Called Strike
2-1: Swinging Strike
2-2: Foul Ball, location: 2F
2-2: Fielders Choice at 2nd, 5-4 (Groundball, 56, EV 90.6 MPH)
Top of the 4th over - 0 runs, 0 hits, 0 errors, 2 left on base; Long Beach State 3 - North Carolina 2
BOTTOM OF THE 4TH
North Carolina Tarheels batting - Pitching for Long Beach State 49ers : RHP Phil Crutchfield
Batting: RHB Kenny Tirpak 0-0: Ball
1-0: Fly out, F9 (Flyball, 9, EV 84.4 MPH)
Batting: RHB Timothy Williams 0-0: Called Strike
0-1: Swinging Strike
0-2: Foul Ball, location: 2F
0-2: Ball
1-2: SINGLE (Line Drive, 9S, EV 110.6 MPH)
Batting: RHB Lance Fearing 0-0: Grounds into double play, 4-6-3 (Groundball, 4, EV 91.9 MPH)
Bottom of the 4th over - 0 runs, 1 hit, 0 errors, 0 left on base; Long Beach State 3 - North Carolina 2
TOP OF THE 5TH
Long Beach State 49ers batting - Pitching for North Carolina Tarheels : RHP Cordell Padilla
Batting: RHB Ferd Chamberlain 0-0: Ball
1-0: Ball
2-0: SINGLE (Groundball, 4D, EV 97.5 MPH)
Batting: LHB Kellen Todd 0-0: Called Strike
0-1: Ball
1-1: Ball
2-1: Single, Error in OF, E9, batter to second base (Line Drive, 3D, EV 106.9 MPH)
Ferd Chamberlain to third
Batting: RHB Jayson Artmann 0-0: Ball
1-0: Foul Ball, location: 2F
1-1: Foul Ball, location: 2F
1-2: Fly out, F9 (Flyball, 9, EV 78.8 MPH)
Runner from 3rd tags up, SCORES, throw by RF
Kellen Todd to third
Pitching: RHP Jadon Hulbert
Batting: SHB Haven Ramos 0-0: Swinging Strike
0-1: Fly out, F8 (Flyball, 8LM, EV 89.4 MPH)
Batting: LHB Chase Johnson 0-0: Foul Ball, location: 2F
0-1: Ball
1-1: Ball
2-1: Ball
3-1: Ground out 6-3 (Groundball, 6M, EV 87.5 MPH)
Top of the 5th over - 1 run, 2 hits, 1 error, 1 left on base; Long Beach State 4 - North Carolina 2
BOTTOM OF THE 5TH
North Carolina Tarheels batting - Pitching for Long Beach State 49ers : RHP Phil Crutchfield
Batting: RHB E.T. Daniels 0-0: SINGLE (Line Drive, 9S, EV 110.6 MPH)
Batting: LHB Dave France 0-0: Ball
1-0: Foul Ball, location: 2F
1-1: Fly out, F8 (Flyball, 8RD, EV 91.9 MPH)
Batting: RHB Jerome Lyons 0-0: Ball
1-0: Called Strike
1-1: Called Strike
1-2: Strikes out swinging
Batting: LHB Jeromy Cardenas 0-0: Called Strike
0-1: Foul Ball, location: 2F
0-2: Foul Ball, location: 2F
0-2: Ground out 4-3 (Groundball, 34S, EV 81.2 MPH)
Bottom of the 5th over - 0 runs, 1 hit, 0 errors, 1 left on base; Long Beach State 4 - North Carolina 2
TOP OF THE 6TH
Long Beach State 49ers batting - Pitching for North Carolina Tarheels : RHP Jadon Hulbert
Batting: LHB Harrison Cottrell 0-0: Called Strike
0-1: Ground out 4-3 (Groundball, 4, EV 85.0 MPH)
Batting: SHB Desi Madden 0-0: Ball
1-0: Foul Ball, location: 2F
1-1: Ground out 1-3 (Groundball, 15S, EV 61.2 MPH)
Batting: RHB Dick Fendley 0-0: Called Strike
0-1: Called Strike
0-2: Ball
1-2: Ball
2-2: Ball
3-2: Strikes out swinging
Top of the 6th over - 0 runs, 0 hits, 0 errors, 0 left on base; Long Beach State 4 - North Carolina 2
BOTTOM OF THE 6TH
North Carolina Tarheels batting - Pitching for Long Beach State 49ers : RHP Phil Crutchfield
Batting: RHB Dominic Bedolla 0-0: Fly out, F9 (Flyball, 89M, EV 85.0 MPH)
Batting: RHB Koby Thomas 0-0: Ball
1-0: Ball
2-0: Swinging Strike
2-1: SINGLE (Flyball, 78S, EV 89.4 MPH)
Batting: RHB Kenny Tirpak 0-0: Ball
1-0: Ball
2-0: Called Strike
2-1: Swinging Strike
2-2: Foul Ball, location: 2F
2-2: Foul Ball, location: 2F
2-2: Ball
3-2: Strikes out swinging
Pitching: RHP Telly McCollum
Batting: RHB Timothy Williams 0-0: Called Strike
0-1: Foul Ball, location: 2F
0-2: Strikes out swinging
Bottom of the 6th over - 0 runs, 1 hit, 0 errors, 1 left on base; Long Beach State 4 - North Carolina 2
TOP OF THE 7TH
Long Beach State 49ers batting - Pitching for North Carolina Tarheels : RHP Jadon Hulbert
Batting: RHB Taylor Hughes 0-0: Called Strike
0-1: Ball
1-1: Foul Ball, location: 2F
1-2: SINGLE (Line Drive, 9S, EV 111.2 MPH)
Batting: RHB Ferd Chamberlain 0-0: Called Strike
0-1: Called Strike
0-2: Ball
1-2: Ball
2-2: Strikes out swinging
Pitching: LHP Ray Scrivner
Batting: LHB Kellen Todd 0-0: Called Strike
0-1: Swinging Strike
0-2: Foul Ball, location: 2F
0-2: Fly out, F4 (Popup, 4S, EV 75.6 MPH)
Pitching: RHP Bryce Barnett
Batting: RHB Jayson Artmann 0-0: Ball
1-0: Swinging Strike
1-1: Called Strike
Taylor Hughes is caught stealing 2nd base 2-4
Top of the 7th over - 0 runs, 1 hit, 0 errors, 0 left on base; Long Beach State 4 - North Carolina 2
BOTTOM OF THE 7TH
North Carolina Tarheels batting - Pitching for Long Beach State 49ers : RHP Telly McCollum
Batting: RHB Lance Fearing 0-0: Ball
1-0: Ball
2-0: Ball
3-0: Called Strike
3-1: Base on Balls
Batting: RHB E.T. Daniels 0-0: Called Strike
0-1: Ball
1-1: Ball
2-1: SINGLE (Line Drive, 3D, EV 97.5 MPH)
Lance Fearing to second
Batting: LHB Dave France 0-0: Fly out, F8 (Flyball, 8LD, EV 82.5 MPH)
Batting: RHB Jerome Lyons 0-0: Called Strike
0-1: SINGLE (Line Drive, 34D, EV 105.6 MPH)
Lance Fearing to third
E.T. Daniels to second
Batting: LHB Jeromy Cardenas 0-0: Ball
1-0: Ball
2-0: Called Strike
2-1: Foul Ball, location: 2F
2-2: Foul Ball, location: 2F
2-2: SINGLE (Groundball, 4MD, EV 103.1 MPH)
Lance Fearing scores
E.T. Daniels to third
Jerome Lyons to second
Batting: RHB Dominic Bedolla 0-0: Foul Ball, location: 2F
0-1: Grounds into fielders choice 3-2 (Groundball, 3, EV 83.8 MPH)
Jerome Lyons to third
Jeromy Cardenas to second
Batting: RHB Koby Thomas 0-0: Ball
1-0: SINGLE (Groundball, 6D, EV 94.4 MPH)
Jerome Lyons scores
Jeromy Cardenas to third
Dominic Bedolla to second
Runner from 3rd tries for Home, SAFE, throw by CF to home
Batting: RHB Kenny Tirpak 0-0: Fly out, F9 (Flyball, 89M, EV 89.4 MPH)
Bottom of the 7th over - 3 runs, 4 hits, 0 errors, 2 left on base; Long Beach State 4 - North Carolina 5
TOP OF THE 8TH
Long Beach State 49ers batting - Pitching for North Carolina Tarheels : RHP Bryce Barnett
Batting: RHB Jayson Artmann 0-0: Called Strike
0-1: Fly out, F9 (Flyball, 9D, EV 96.9 MPH)
Batting: SHB Haven Ramos 0-0: Foul Ball, location: 2F
0-1: Foul Ball, location: 2F
0-2: Foul Ball, location: 2F
0-2: Foul Ball, location: 2F
0-2: SINGLE (Line Drive, 6MD, EV 97.5 MPH)
Pitching: LHP Griff Iwata
Pinch Hitting: RHB Riley Mason 0-0: Called Strike
0-1: DOUBLE (Line Drive, 89M, EV 107.5 MPH)
Haven Ramos to third
Batting: LHB Harrison Cottrell 0-0: Called Strike
0-1: Ball
1-1: Foul Ball, location: 2F
1-2: SINGLE (Groundball, 4M, EV 94.4 MPH)
Haven Ramos scores
Riley Mason to third
Runner from 3rd tries for Home, SAFE, throw by CF to home
Batting: SHB Desi Madden 0-0: Ball
1-0: Swinging Strike
1-1: Called Strike
1-2: Ball
2-2: Strikes out swinging
Batting: RHB Dick Fendley 0-0: Called Strike
0-1: Foul Ball, location: 2F
0-2: SINGLE (Groundball, 5S, EV 66.2 MPH) (infield hit)
Harrison Cottrell to second
Batting: RHB Taylor Hughes 0-0: Called Strike
0-1: Ball
1-1: Foul Ball, location: 2F
1-2: Ground out 4-3 (Groundball, 4, EV 84.4 MPH)
Top of the 8th over - 2 runs, 4 hits, 0 errors, 2 left on base; Long Beach State 6 - North Carolina 5
BOTTOM OF THE 8TH
North Carolina Tarheels batting - Pitching for Long Beach State 49ers : RHP Telly McCollum
Pitching: LHP Paul Clark
Now in CF: Najeal Janssen
Batting: RHB Timothy Williams 0-0: Ball
1-0: Ball
2-0: Ball
3-0: Base on Balls
Batting: RHB Lance Fearing 0-0: SINGLE (Line Drive, 78D, EV 108.1 MPH)
Timothy Williams to second
Pinch Hitting: RHB Erik Peterson 0-0: Ball
1-0: SINGLE (Line Drive, 9S, EV 98.1 MPH)
Timothy Williams to third
Lance Fearing to second
Batting: LHB Dave France 0-0: Ball
1-0: Foul Ball, location: 2F
1-1: Swinging Strike
1-2: Ball
2-2: Foul Ball, location: 2F
2-2: Strikes out swinging
Batting: RHB Jerome Lyons 0-0: Foul Ball, location: 2F
0-1: Grounds into fielders choice 5-2 (Groundball, 56S, EV 66.2 MPH)
Lance Fearing to third
Erik Peterson to second
Batting: LHB Jeromy Cardenas 0-0: Ball
1-0: Called Strike
1-1: Called Strike
1-2: Fly out, F6 (Popup, 6MD, EV 70.0 MPH)
Bottom of the 8th over - 0 runs, 2 hits, 0 errors, 3 left on base; Long Beach State 6 - North Carolina 5
TOP OF THE 9TH
Long Beach State 49ers batting - Pitching for North Carolina Tarheels : LHP Griff Iwata
Now at 2B: Chase Adams
Batting: RHB Ferd Chamberlain 0-0: Ball
1-0: Ball
2-0: Ball
3-0: Called Strike
3-1: Called Strike
3-2: Ground out 5-3 (Groundball, 56, EV 80.6 MPH)
Batting: LHB Kellen Todd 0-0: Ball
1-0: Ball
2-0: Ball
3-0: Base on Balls
Batting: RHB Jayson Artmann 0-0: Called Strike
0-1: Called Strike
0-2: Ball
1-2: Ball
2-2: Ball
3-2: Strikes out looking
Kellen Todd is caught stealing 2nd base 2-4
Batter strikes out.
Top of the 9th over - 0 runs, 0 hits, 0 errors, 0 left on base; Long Beach State 6 - North Carolina 5
BOTTOM OF THE 9TH
North Carolina Tarheels batting - Pitching for Long Beach State 49ers : LHP Paul Clark
Pitching: RHP Eddie Dorsey
Batting: RHB Dominic Bedolla 0-0: Ball
1-0: Foul Ball, location: 2F
1-1: SOLO HOME RUN (Flyball, 9D, EV 101.2 MPH), Distance : 384 ft
Batting: RHB Koby Thomas 0-0: Ball
1-0: Ball
2-0: Ball
3-0: Base on Balls
Batting: RHB Kenny Tirpak 0-0: Ball
1-0: Grounds into double play, 2-6-3 (Groundball, 13S, EV 71.9 MPH)
Batting: RHB Timothy Williams 0-0: Called Strike
0-1: Ball
1-1: Foul Ball, location: 2F
1-2: Fly out, F8 (Flyball, 8LD, EV 98.8 MPH)
Bottom of the 9th over - 1 run, 1 hit, 0 errors, 0 left on base; Long Beach State 6 - North Carolina 6
TOP OF THE 10TH
Long Beach State 49ers batting - Pitching for North Carolina Tarheels : LHP Griff Iwata
Pitching: LHP Mark Byrd
Pinch Hitting: RHB Zachery Alexander 0-0: Ball
1-0: Foul Ball, location: 2F
1-1: Ball
2-1: Foul Ball, location: 2F
2-2: Strikes out looking
Batting: LHB Najeal Janssen 0-0: Ball
1-0: Ball
2-0: Ground out 6-3 (Groundball, 6, EV 101.2 MPH)
Batting: LHB Harrison Cottrell 0-0: Fly out, F6 (Popup, 6, EV 62.5 MPH)
Top of the 10th over - 0 runs, 0 hits, 0 errors, 0 left on base; Long Beach State 6 - North Carolina 6
BOTTOM OF THE 10TH
North Carolina Tarheels batting - Pitching for Long Beach State 49ers : RHP Eddie Dorsey
Now at C: Zachery Alexander
Batting: RHB Lance Fearing 0-0: Called Strike
0-1: Ball
1-1: Swinging Strike
1-2: Strikes out swinging
Batting: RHB Chase Adams 0-0: Ball
1-0: Fly out, F9 (Flyball, 9LSF, EV 93.8 MPH)
Batting: LHB Dave France 0-0: Called Strike
0-1: Ball
1-1: Foul Ball, location: 2F
1-2: Ball
2-2: Foul Ball, location: 2F
2-2: Strikes out swinging
Bottom of the 10th over - 0 runs, 0 hits, 0 errors, 0 left on base; Long Beach State 6 - North Carolina 6
TOP OF THE 11TH
Long Beach State 49ers batting - Pitching for North Carolina Tarheels : LHP Mark Byrd
Batting: SHB Desi Madden 0-0: Foul Ball, location: 2F
0-1: Ball
1-1: Ball
2-1: Ground out 6-3 (Groundball, 6, EV 80.6 MPH)
Batting: RHB Dick Fendley 0-0: Ball
1-0: Ground out 5-3 (Groundball, 56, EV 87.5 MPH)
Batting: RHB Taylor Hughes 0-0: Hit by Pitch
Batting: RHB Ferd Chamberlain 0-0: Foul Ball, location: 2F
0-1: Ball
1-1: Called Strike
1-2: Fielders Choice at 2nd, 6-4 (Groundball, 6MD, EV 81.2 MPH)
Top of the 11th over - 0 runs, 0 hits, 0 errors, 1 left on base; Long Beach State 6 - North Carolina 6
BOTTOM OF THE 11TH
North Carolina Tarheels batting - Pitching for Long Beach State 49ers : RHP Eddie Dorsey
Batting: RHB Jerome Lyons 0-0: Called Strike
0-1: Ball
1-1: Ball
2-1: DOUBLE (Line Drive, 7LM, EV 110.6 MPH)
Batting: LHB Jeromy Cardenas 0-0: Intentional Walk
Batting: RHB Dominic Bedolla 0-0: Ball
1-0: Called Strike
Jerome Lyons is caught stealing 3rd base 2-5
1-1: Ground out U3 (Groundball, 34S, EV 86.9 MPH)
Jeromy Cardenas to second
Batting: RHB Koby Thomas 0-0: Intentional Walk
Batting: RHB Kenny Tirpak 0-0: Ball
1-0: Ball
2-0: Called Strike
2-1: Foul Ball, location: 2F
2-2: Strikes out swinging
Bottom of the 11th over - 0 runs, 1 hit, 0 errors, 2 left on base; Long Beach State 6 - North Carolina 6
TOP OF THE 12TH
Long Beach State 49ers batting - Pitching for North Carolina Tarheels : LHP Mark Byrd
Batting: LHB Kellen Todd 0-0: Ball
1-0: Called Strike
1-1: Ball
2-1: SOLO HOME RUN (Flyball, 9D, EV 101.9 MPH), Distance : 394 ft
Batting: RHB Jayson Artmann 0-0: Called Strike
0-1: Foul Ball, location: 2F
0-2: Ball
1-2: Strikes out swinging
Batting: RHB Zachery Alexander 0-0: Called Strike
0-1: Swinging Strike
0-2: Ball
1-2: SINGLE (Groundball, 56S, EV 71.9 MPH) (infield hit)
Batting: LHB Najeal Janssen 0-0: Ball
1-0: Foul Ball, location: 2F
1-1: Fly out, F9 (Flyball, 9LS, EV 91.9 MPH)
Batting: LHB Harrison Cottrell 0-0: Ball
1-0: Ball
2-0: 2-RUN HOME RUN (Flyball, 7D, EV 98.8 MPH), Distance : 379 ft
Batting: SHB Desi Madden 0-0: Ball
1-0: Fly out, F8 (Flyball, 89D, EV 77.5 MPH)
Top of the 12th over - 3 runs, 3 hits, 0 errors, 0 left on base; Long Beach State 9 - North Carolina 6
BOTTOM OF THE 12TH
North Carolina Tarheels batting - Pitching for Long Beach State 49ers : RHP Eddie Dorsey
Pitching: LHP Sargent Hill
Batting: RHB Timothy Williams 0-0: Ground out 2-3 (Groundball, 13S, EV 69.4 MPH)
Batting: RHB Lance Fearing 0-0: Ball
1-0: Fly out, F2 (Popup, 23F, EV 87.5 MPH)
Batting: RHB Chase Adams 0-0: Ground out 6-3 (Groundball, 6, EV 97.5 MPH)
Bottom of the 12th over - 0 runs, 0 hits, 0 errors, 0 left on base; Long Beach State 9 - North Carolina 6
Sunday, April 14th , 2024 - OOTP Baseball 23.10 Build 110